 Dungeon Crawl Stone Soup version 0.30-a0-371-gad7725a93e (webtiles) character file.

Game seed: 12490221718786909756

518 bande the Covered (level 7, -3/44 HPs)
             Began as a Gargoyle Fighter on Nov 22, 2022.
             Was a Follower of Okawaru.
             Slain by an ice beast (13 damage)
             ... on level 5 of the Dungeon.
             The game lasted 00:05:15 (4242 turns).

bande the Covered (Gargoyle Fighter)                Turns: 4242, Time: 00:05:16

Health: -3/44      AC: 14    Str: 20    XL:     7   Next: 21%
Magic:  8/8        EV:  7    Int:  8    God:    Okawaru [*.....]
Gold:   255        SH:  6    Dex: 11    Spells: 6/6 levels left

rFire   . . .      SeeInvis .    a - +1 war axe
rCold   . . .      Faith    .    c - +1 buckler
rNeg    + . .      Spirit   .    o - +0 chain mail
rPois   ∞          Reflect  .    (no helmet)
rElec   +          Harm     .    (no cloak)
rCorr   +          Rampage  .    (no gloves)
Will    .....                    (no boots)
Stlth   ..........               (no amulet)
HPRegen 0.27/turn                r - ring of resist corrosion
MPRegen 0.11/turn                (no ring)

@: no status effects
A: sickness immunity, AC +4, negative energy resistance 1, electricity
resistance, torment resistance 1, petrification resistance
a: Renounce Religion, Heroism


You were on level 5 of the Dungeon.
You worshipped Okawaru.
Okawaru was aware of your devotion.
You visited 2 branches of the dungeon, and saw 6 of its levels.

You collected 255 gold pieces.

Inventory:

Hand Weapons
 a - a +1 war axe (weapon)
 l - a +0 flail
Armour
 c - a +1 buckler (worn)
 o - a +0 chain mail (worn)
Jewellery
 r - a ring of resist corrosion (left hand)
Wands
 t - a wand of flame (17)
Scrolls
 e - a scroll of fog
 f - a scroll of enchant weapon
 g - a scroll of teleportation
 k - a scroll of magic mapping
 n - a scroll of enchant armour
 s - a scroll of blinking
Potions
 b - a potion of invisibility {unknown}
 d - 2 potions of might
 h - 2 potions of brilliance
 i - a potion of berserk rage {unknown}
 j - a potion of degeneration {unknown}
 m - 2 potions of resistance
 p - a potion of heal wounds {unknown}
 q - 2 potions of curing {unknown}


   Skills:
 + Level 4.5 Fighting
 + Level 4.3 Axes
 + Level 5.0 Armour
 + Level 4.5 Shields
 * Level 2.0 Invocations
 * Level 0.8 Evocations


You had 6 spell levels left.
You didn't know any spells.
Your spell library contained the following spells:

 Spells                   Type           Power      Damage    Failure   Level
 Ensorcelled Hibernation  Hex/Ice        0%         N/A       100%        2
 Passwall                 Tmut/Erth      0%         N/A       100%        2
 Portal Projectile        Hex/Tloc       0%         N/A       100%        3
 Swiftness                Air            0%         N/A       100%        3
 Blade Hands              Tmut           0%         N/A       100%        5
 Tukima's Dance           Hex            Unusable   N/A       N/A         3

Dungeon Overview and Level Annotations

Branches:
Dungeon (5/15)             Temple (1/1) D:4

Altars:
Cheibriados
Dithmenos
Nemelex Xobeh
Okawaru
Qazlal
Sif Muna
Uskayaw
Vehumet
Xom
Zin
The Shining One

Annotations:
D:5 3 runed translucent doors, jfcaron's ghost, amateur MeFi; jfcaron's ghost, novice GnRe


Innate Abilities, Weirdness & Mutations

You are immune to sickness and miasma.
Your stone body is resilient. (AC +4)
You are immune to poison.
You resist negative energy. (rN+)
You are resistant to electric shocks. (rElec)
You are resistant to unholy torment.
You are immune to petrification.


Message History

Found an escape hatch in the ceiling.
You barely miss the ice beast. You block the ice beast's attack.
The ice beast hits you but does no damage.
You closely miss the ice beast. You hit the hound.
The hound bites you but does no damage.
A hound comes into view.
The hound bites you but does no damage. The ice beast barely misses you.
The hound bites you.
You barely miss the hound.
The hound is moderately wounded.
You hit the ice beast. The hound bites you but does no damage.
The ice beast hits you. The ice beast freezes you! The hound bites you.
You barely miss the hound.
The hound is moderately wounded.
You hit the ice beast but do no damage.
The ice beast hits you but does no damage.
The hound bites you but does no damage.
The ice beast hits you but does no damage.
The hound bites you. The hound attacks as you move away! The hound bites you.
The hound attacks as you move away! You block the hound's attack.
The hound bites you but does no damage.
You closely miss the hound.
The hound is moderately wounded.
You hit the ice beast. You block the hound's attack.
You block the ice beast's attack. The hound bites you but does no damage.
You hit the hound.
The hound is severely wounded.
You hit the ice beast. The hound closely misses you.
The ice beast hits you but does no damage.
The hound bites you.
You hit the hound.
The hound is severely wounded.
You barely miss the ice beast. The ice beast hits you.
The ice beast freezes you.
* * * LOW HITPOINT WARNING * * *
You block the hound's attack. The ice beast hits you.
* * * LOW HITPOINT WARNING * * *
The ice beast freezes you!
You die...

.#...# ##......#.....
.....####.......#.....
#.....##....#.###....
#.....##....##..#....
####...##....##....... .##
#....[.......##.......
....##.##.........#.......
<.......##...#...##.......
.......hh@.####...#.#.....
........Y### #..##.#####.
........>.######..........
..........##.####...######
#..........[.......#######
##...........#....).....#.
............##..##........
............###.##........
.. ....##...#..###.......


You could see an ice beast and 2 hounds.

Vanquished Creatures
  A water moccasin (D:5)
  An ogre (D:4)
  A necrophage (D:4)
  2 hounds
  An iguana (D:5)
  Terence (D:2)
  9 adders
  A shadow imp (D:5)
  A white imp (D:5)
  2 dart slugs (D:3)
  4 orcs
  5 endoplasms
  4 giant cockroaches
  4 hobgoblins
  4 jackals (D:3)
  4 kobolds
  3 quokkas
  6 ball pythons
  4 bats
  4 frilled lizards
  5 goblins
  3 rats
70 creatures vanquished.

Vanquished Creatures (others)
  6 withered plants (D:5)
6 creatures vanquished.

Grand Total: 76 creatures vanquished

Notes
Turn   | Place    | Note
-------+----------+-------------------------------------------
     0 | D:1      | bande the Gargoyle Fighter began the quest for the Orb.
     0 | D:1      | Reached XP level 1. HP: 14/14 MP: 1/1
   297 | D:1      | Reached XP level 2. HP: 19/19 MP: 2/2
   844 | D:2      | Found a shadowy altar of Dithmenos.
   943 | D:2      | Reached XP level 3. HP: 23/23 MP: 3/3
  1059 | D:2      | Noticed Terence
  1067 | D:2      | Killed Terence
  1068 | D:2      | Reached XP level 4. HP: 21/29 MP: 4/4
  1366 | D:2      | Reached skill level 4 in Armour
  1807 | D:3      | Reached XP level 5. HP: 29/33 MP: 5/5
  2215 | D:3      | Found a faded altar of an unknown god.
  2650 | D:4      | Found a staircase to the Ecumenical Temple.
  2671 | Temple   | Entered the Ecumenical Temple
  2684 | Temple   | Became a worshipper of Warmaster Okawaru
  2792 | D:4      | Noticed an ogre
  2799 | D:4      | Killed an ogre
  2800 | D:4      | Reached skill level 1 in Invocations
  2800 | D:4      | Reached XP level 6. HP: 29/38 MP: 6/6
  3577 | D:5      | Entered Level 5 of the Dungeon
  3657 | D:5      | Found a runed translucent gate.
  3657 | D:5      | Found a runed translucent gate.
  3657 | D:5      | Found a runed translucent gate.
  3659 | D:5      | Noticed jfcaron's ghost (novice GnRe)
  3659 | D:5      | Noticed jfcaron's ghost (amateur MeFi)
  3737 | D:5      | Noticed a water moccasin
  3750 | D:5      | Killed a water moccasin
  3750 | D:5      | Reached * piety under Okawaru
  3751 | D:5      | Reached XP level 7. HP: 20/44 MP: 8/8
  4183 | D:5      | Reached skill level 5 in Armour
  4242 | D:5      | Slain by an ice beast

Illustrated notes

Levels and vault maps discovered:
D:1:      dpeg_arrival_three_smaller_balls, layout_basic, minmay_misc_feat_doors
D:2:      layout_loops_corners, basic_altar, uniq_terence
D:3:      layout_basic, hellmonk_ecumenical_altar_dog_temple,
          mrwooster_statue_mirror, chequers_mini_garden
D:4:      layout_gridville, minmay_temple_entry_ruins, kennysheep_generic_room_2
D:5:      layout_cave_pools, gammafunk_ghost_cemetery,
          minmay_fractal_squares_diagonal_5
Temple:   nicolae_temple_ecumenical_triangle

Skill      XL: |  1  2  3  4  5  6  7 |
---------------+----------------------+-----
Axes           | 2 3 4 |  4.3
Armour         | 4 5 |  5.0
Shields        | 4 |  4.5
Fighting       | 4 |  4.5
Invocations    | 1 2 |  2.0
Evocations     | |  0.8

Action                   |  1- 3 |  4- 6 |  7- 9 || total
-------------------------+-------+-------+-------++-------
Melee: War axe           |    84 |   166 |    23 ||   273
  Use: Scroll            |       |    12 |       ||    12
Armor: Scale mail        |    62 |     4 |       ||    66
       Chain mail        |       |    98 |    21 ||   119
Dodge: Dodged            |    61 |    70 |     7 ||   138
Block: Buckler           |    22 |    53 |     8 ||    83

Table legend: (Time is in decaauts)
 A = Elapsed time spent in this place.
 B = Non-inter-level travel time spent in this place.
 C = Inter-level travel time spent in this place.
 D = Time resting spent in this place.
 E = Time spent auto-exploring this place.
 F = Levels seen in this place.
 G = Mean time per level.
                   A        B        C        D        E       F      G
               +--------+--------+--------+--------+--------+-----+--------+
         Total |   4350 |   4162 |    188 |    274 |   3173 |   6 |  725.0 |
       Dungeon |   4323 |   4135 |    188 |    274 |   3173 |   5 |  864.6 |
        Temple |     26 |     26 |      0 |      0 |      0 |   1 |   26.0 |
               +--------+--------+--------+--------+--------+-----+--------+

Top non-repeatable levels by time:
     D:2: 966 daAuts
     D:4: 931 daAuts
     D:3: 883 daAuts
     D:1: 861 daAuts
     D:5: 681 daAuts
  Temple: 26 daAuts
